 Dungeon Crawl Stone Soup version 0.25-a0-317-g5f8687bca5 (webtiles) character file.

Game seed: 8226788977847701152, levelgen mode: classic

178 Borgoz the Skirmisher (level 5, -10/33 HPs)
             Began as a Gargoyle Berserker on Dec 25, 2019.
             Was a Believer of Trog.
             Blown up by Ijyb (31 damage)
             ... with a disintegration bolt
             ... on level 3 of the Dungeon.
             The game lasted 00:02:13 (2177 turns).

Borgoz the Skirmisher (Gargoyle Berserker)          Turns: 2177, Time: 00:02:14

Health: -10/33     AC:  7    Str: 20    XL:     5   Next: 58%
Magic:  5/5        EV: 12    Int:  8    God:    Trog [**....]
Gold:   123        SH:  3    Dex: 10    Spells: 4/4 levels left

rFire    . . .     SeeInvis .   a - +0 falchion
rCold    . . .     Gourm    .   m - +0 buckler
rNeg     + . .     Faith    .   b - +0 animal skin
rPois    ∞         Spirit   .   (no helmet)
rElec    +         Reflect  .   l - +0 cloak
rCorr    .         Harm     .   (no gloves)
MR       .....                  (no boots)
Stlth    +.........             (no amulet)
HPRegen  0.11/turn              (no ring)
MPRegen  0.09/turn              (no ring)

@: no status effects
A: negative energy resistance 1, electricity resistance, unbreathing,
petrification resistance, rot immunity, AC +4
a: Berserk, Trog's Hand, Renounce Religion


You were on level 3 of the Dungeon.
You worshipped Trog.
Trog was pleased with you.
You were not hungry.

You visited 1 branch of the dungeon, and saw 3 of its levels.

You collected 123 gold pieces.

Inventory:

Hand Weapons
 a - a +0 falchion (weapon)
Armour
 b - a +0 animal skin (worn)
 l - a +0 cloak (worn)
 m - a +0 buckler (worn)
Scrolls
 d - a scroll of magic mapping {unknown}
 e - a scroll of remove curse {unknown}
 h - 3 scrolls of teleportation {unknown}
 k - 5 scrolls of fog {unknown}
 p - a scroll of amnesia {unknown}
 q - a scroll of enchant weapon {unknown}
Potions
 f - a potion of might {unknown}
 g - 2 potions of curing
 i - 3 potions of cancellation {unknown}
 j - a potion of degeneration {unknown}
 n - a potion of brilliance {unknown}
 r - a potion of mutation {unknown}
Comestibles
 c - 5 rations
 o - 5 chunks of flesh


   Skills:
 + Level 4.0 Fighting
 * Level 3.9 Long Blades
 + Level 3.2 Armour
 + Level 2.3 Dodging
 + Level 1.6 Shields


You had 4 spell levels left.
You didn't know any spells.
Your spell library was empty.

Dungeon Overview and Level Annotations

Branches:
Dungeon (3/15)

Altars:

Annotations:
D:3 Ijyb


Innate Abilities, Weirdness & Mutations

You are resistant to torment.
Your stone body is resilient. (AC +4)
You are immune to poison.
You resist negative energy. (rN+)
You are resistant to electric shocks. (rElec)
You can survive without breathing.
You are immune to petrification.
You are immune to rotting.


Message History

There is an open door here.
r - a sedimented cyan potion Ijyb the Twisted Goblin comes into view.
She is wielding a +0 dagger, wearing a +2 scale mail of magic resistance and carrying a wand of disintegration (9).
Ijyb shouts!
You completely miss Ijyb. Ijyb misses you.
You closely miss Ijyb.
Ijyb zaps a wand.
You are blasted!
Ijyb zaps a wand.
You are blasted!
You are too injured to fight recklessly!
You are too injured to fight recklessly!
You are too injured to fight recklessly!
You are too injured to fight recklessly!
You are too injured to fight recklessly!
You aren't carrying any items that you can evoke.
It was a potion of curing.
You feel better. Ijyb hits you but does no damage.
You barely miss Ijyb.
Ijyb zaps a wand.
You are blasted!
You slash Ijyb!
Ijyb is heavily wounded.
Ijyb zaps a wand.
You are blasted!
Ouch! That really hurt!
You die...

###...#...##
#.#
#..........###
..#
..........#....
.........##.###
.........##.#
#.#.........# #
#...##.##.#
#...
#.##.#####.#
####
#.##..@g...#
..##########
#.# #.# #.


You could see Ijyb.

Vanquished Creatures
  An ogre (D:2)
  3 gnolls (D:2)
  2 adders (D:2)
  An ooze (D:1)
  2 worms (D:2)
  A dart slug (D:2)
  A leopard gecko (D:2)
  7 bats
  2 hobgoblins (D:1)
  9 kobolds
  2 frilled lizards (D:1)
  4 goblins
  6 rats
41 creatures vanquished.

Notes
Turn   | Place    | Note
-------+----------+-------------------------------------------
     0 | D:1      | Borgoz the Gargoyle Berserker began the quest for the Orb.
     0 | D:1      | Reached XP level 1. HP: 14/14 MP: 1/1
    83 | D:1      | Reached XP level 2. HP: 8/19 MP: 2/2
   855 | D:2      | Reached XP level 3. HP: 23/23 MP: 3/3
  1191 | D:2      | Reached ** piety under Trog
  1228 | D:2      | Noticed an ogre
  1233 | D:2      | HP: 1/24 [hobgoblin (2)]
  1518 | D:2      | Killed an ogre
  1518 | D:2      | Reached skill level 4 in Fighting
  1518 | D:2      | Reached skill level 1 in Shields
  1518 | D:2      | Reached XP level 4. HP: 29/29 MP: 4/4
  1518 | D:2      | Reached XP level 5. HP: 33/33 MP: 5/5
  2170 | D:3      | Noticed Ijyb
  2177 | D:3      | Blown up by Ijyb

Levels and vault maps discovered:
D:1:      lightli_arrival_boilingwater, layout_loops_cross
D:2:      layout_loops_ring
D:3:      layout_loops_corners, uniq_ijyb, uniq_terence

Skill      XL: |  1  2  3 |
---------------+----------+-----
Long Blades    | 3 |  3.9
Dodging        | 2 |  2.3
Fighting       | 4 |  4.0
Armour         | 3 |  3.2
Shields        | 1 |  1.6

Action                   |  1- 3 |  4- 6 || total
-------------------------+-------+-------++-------
Melee: Falchion          |    89 |    64 ||   153
Invok: Berserk           |     1 |       ||     1
  Use: Potion            |       |     1 ||     1
 Stab: Sleeping          |     1 |       ||     1
  Eat: Chunk             |     2 |     3 ||     5
Armor: Animal skin       |    35 |    16 ||    51
Dodge: Dodged            |    58 |    34 ||    92
Block: Buckler           |     3 |     7 ||    10
       Rpst.: Falchion   |    18 |    12 ||    30

Table legend:
 A = Non-vault XP
 B = Vault XP
 C = Vault XP percentage of total XP
 D = Non-vault monster count
 E = Vault monster count
 F = Vault count percentage of total count
                 A         B        C        D         E       F
            +---------+---------+-------+---------+---------+-------
      Total |     255 |       0 |   0.0 |      41 |       0 |   0.0
            +---------+---------+-------+---------+---------+-------
        D:1 |      34 |       0 |   0.0 |      17 |       0 |   0.0
        D:2 |     221 |       0 |   0.0 |      24 |       0 |   0.0
            +---------+---------+-------+---------+---------+-------
